 Dungeon Crawl Stone Soup version 0.30-a0-253-g6b895097cc (webtiles) character file.

Game seed: 3964554570754157945

140 BritishOli the Trooper (level 5, -2/43 HPs)
             Began as a Demonspawn Fighter on Oct 13, 2022.
             Slain by an ice beast (6 damage)
             ... on level 3 of the Dungeon.
             The game lasted 00:01:12 (1538 turns).

BritishOli the Trooper (Demonspawn Fighter)         Turns: 1538, Time: 00:01:13

Health: -2/43      AC:  7    Str: 18    XL:     5   Next: 2%
Magic:  5/5        EV:  9    Int:  9    God:
Gold:   50         SH:  4    Dex: 13    Spells: 4/4 levels left

rFire   . . .      SeeInvis .    a - +0 long sword
rCold   . . .      Faith    .    c - +0 buckler
rNeg    . . .      Spirit   .    b - +0 scale mail
rPois   .          Reflect  .    (no helmet)
rElec   .          Harm     .    (no cloak)
rCorr   +          Rampage  .    f - +0 pair of gloves
Will    .....                    (no boots)
Stlth   ..........               (no amulet)
HPRegen 0.27/turn                k - ring of resist corrosion
MPRegen 0.09/turn                (no ring)

@: no status effects
A: powered by pain 1, weakness stinger 1
a: no special abilities


You were on level 3 of the Dungeon.
You visited 1 branch of the dungeon, and saw 3 of its levels.

You collected 50 gold pieces.

Inventory:

Hand Weapons
 a - a +0 long sword (weapon)
Armour
 b - a +0 scale mail (worn)
 c - a +0 buckler (worn)
 f - a +0 pair of gloves (worn)
Jewellery
 k - a ring of resist corrosion (left hand)
Scrolls
 e - 2 scrolls of blinking {unknown}
 g - a scroll of teleportation {unknown}
 h - a scroll of enchant armour {unknown}
 i - 2 scrolls of magic mapping {unknown}
 j - 2 scrolls of identify {unknown}
 l - 3 scrolls of poison {unknown}
 p - a scroll of silence {unknown}
Potions
 d - a potion of might
 m - 2 potions of heal wounds {unknown}
 n - a potion of curing {unknown}
 o - a potion of ambrosia {unknown}


   Skills:
 + Level 4.3 Fighting
 + Level 3.3 Long Blades
 - Level 3.0 Armour
 - Level 3.0 Shields


You had 4 spell levels left.
You didn't know any spells.
Your spell library contained the following spells:

 Spells                   Type           Power      Damage    Failure   Level
 Shock                    Conj/Air       0%         1d3       86%         1
 Blink                    Tloc           0%         N/A       94%         2
 Momentum Strike          Conj/Tloc      0%         3d8       94%         2
 Lesser Beckoning         Tloc           0%         N/A       99%         3
 Swiftness                Air            0%         N/A       99%         3
 Airstrike                Air            0%         2d(0-16)  100%        4


Dungeon Overview and Level Annotations

Branches:
Dungeon (3/15)

Altars:


Innate Abilities, Weirdness & Mutations

You sometimes gain a little power by taking damage.
You have a small tail.


Message History

The ice beast is lightly wounded.
The ice beast hits you. The ice beast freezes you.
An ice beast is nearby!
You hit the ice beast but do no damage.
The ice beast is lightly wounded.
The ice beast hits you but does no damage.
An ice beast is nearby!
You hit the ice beast but do no damage.
The ice beast is lightly wounded.
The ice beast hits you but does no damage.
You closely miss the ice beast.
The ice beast is lightly wounded.
The ice beast hits you but does no damage.
The ice beast barely misses you.
You hit the ice beast.
The ice beast is lightly wounded.
The ice beast barely misses you.
You hit the ice beast.
You tail-slap the ice beast, but do no damage.
The ice beast is moderately wounded.
The ice beast hits you. The ice beast freezes you!
You closely miss the ice beast.
The ice beast is moderately wounded.
You block the ice beast's attack. The ice beast hits you.
* * * LOW HITPOINT WARNING * * *
The ice beast freezes you.
* * * LOW HITPOINT WARNING * * *
You barely miss the ice beast. You tail-slap the ice beast.
The ice beast is moderately wounded.
The ice beast hits you but does no damage.
You barely miss the ice beast.
The ice beast is moderately wounded.
You block the ice beast's attack.
You closely miss the ice beast.
The ice beast is moderately wounded.
The ice beast hits you but does no damage.
The ice beast hits you.
* * * LOW HITPOINT WARNING * * *
The ice beast freezes you.
You die...

#. #. #.# .. #.#
##. #.# # .. #.#
###>##. #.#
.......##########.#
#...Y@..........#
############....#
#.###)# #.# #.#
#.###.# ##...##
##.## #.# #.#


You could see an ice beast.

Vanquished Creatures
  An ogre (D:3)
  A dart slug (D:2)
  4 ball pythons (D:1)
  4 bats (D:1)
  8 endoplasms
  2 giant cockroaches
  4 goblins
  3 hobgoblins
  8 jackals (D:1)
  2 quokkas (D:1)
  2 frilled lizards
  5 kobolds (D:1)
  3 rats (D:1)
47 creatures vanquished.

Notes
Turn   | Place    | Note
-------+----------+-------------------------------------------
     0 | D:1      | BritishOli the Demonspawn Fighter began the quest for the
                  | Orb.
     0 | D:1      | Reached XP level 1. HP: 18/18 MP: 1/1
   133 | D:1      | Gained mutation: You sometimes gain a little power by
                  | taking damage. [demonic ancestry]
   133 | D:1      | Reached XP level 2. HP: 24/24 MP: 2/2
   429 | D:1      | Reached XP level 3. HP: 29/29 MP: 3/3
  1181 | D:2      | Identified the +9 dagger of Ephae {freeze, Fly rElec rN++
                  | Stlth-}
  1422 | D:3      | Noticed an ogre
  1433 | D:3      | Killed an ogre
  1434 | D:3      | Reached skill level 4 in Fighting
  1434 | D:3      | Reached XP level 4. HP: 18/38 MP: 4/4
  1434 | D:3      | Gained mutation: You have a small tail. [demonic ancestry]
  1434 | D:3      | Reached XP level 5. HP: 21/43 MP: 5/5
  1525 | D:3      | Noticed an ice beast
  1538 | D:3      | Slain by an ice beast

Illustrated notes

Levels and vault maps discovered:
D:1:      beargit_arrival_greenhouse, layout_loops_cross
D:2:      layout_basic, minmay_unequal
D:3:      layout_loops_ring, mainiacjoe_overflow_cross_hatched,
          nicolae_vehumet_radiance, minmay_goblin_kobold_house

Skill      XL: |  1  2  3 |
---------------+----------+-----
Long Blades    | 2 3 |  3.3
Armour         | 3 |  3.0
Shields        | 3 |  3.0
Fighting       | 4 |  4.3

Action                   |  1- 3 |  4- 6 || total
-------------------------+-------+-------++-------
Melee: Long sword        |   152 |    10 ||   162
       Tailslap          |       |     2 ||     2
Armor: Scale mail        |    82 |     5 ||    87
Dodge: Dodged            |    82 |     2 ||    84
Block: Buckler           |    48 |     2 ||    50

Table legend: (Time is in decaauts)
 A = Elapsed time spent in this place.
 B = Non-inter-level travel time spent in this place.
 C = Inter-level travel time spent in this place.
 D = Time resting spent in this place.
 E = Time spent auto-exploring this place.
 F = Levels seen in this place.
 G = Mean time per level.
                   A        B        C        D        E       F      G
               +--------+--------+--------+--------+--------+-----+--------+
         Total |   1590 |   1553 |     37 |    142 |   1067 |   3 |  530.0 |
       Dungeon |   1590 |   1553 |     37 |    142 |   1067 |   3 |  530.0 |
               +--------+--------+--------+--------+--------+-----+--------+

Top non-repeatable levels by time:
     D:1: 969 daAuts
     D:2: 489 daAuts
     D:3: 131 daAuts
